 Dungeon Crawl Stone Soup version 0.30-a0-799-g109b55a442 (webtiles) character file.

Game seed: 16809101776080114400

817 dialectric the Slasher (level 7, -8/44 HPs)
             Began as a Gargoyle Fighter on Feb 20, 2023.
             Was a Follower of Qazlal.
             Mangled by an ogre
             ... wielding a +0 giant spiked club
              (23 damage)
             ... on level 6 of the Dungeon.
             The game lasted 00:07:22 (3481 turns).

dialectric the Slasher (Gargoyle Fighter)           Turns: 3481, Time: 00:07:23

Health: -8/44      AC: 14    Str: 21    XL:     7   Next: 94%
Magic:  7/7        EV:  8    Int:  9    God:    Qazlal [*.....]
Gold:   183        SH:  2    Dex:  9    Spells: 6/6 levels left

rFire   . . .      SeeInvis .    a - +0 long sword
rCold   + . .      Faith    .    (no shield)
rNeg    + . .      Spirit   .    l - +0 chain mail
rPois   ∞          Reflect  .    (no helmet)
rElec   +          Harm     .    (no cloak)
rCorr   .          Rampage  .    (no gloves)
Will    .....                    (no boots) Stlth
                                 (no amulet)
HPRegen 0.27/turn                o - ring of protection from cold
MPRegen 0.10/turn                (no ring)

@: no status effects
A: sickness immunity, AC +4, negative energy resistance 1, electricity
resistance, torment resistance 1, petrification resistance
a: Renounce Religion


You were on level 6 of the Dungeon.
You worshipped Qazlal.
Qazlal was aware of your devotion.
You visited 1 branch of the dungeon, and saw 6 of its levels.

You collected 222 gold pieces.
You spent 39 gold pieces at shops.

Inventory:

Hand Weapons
 a - a +0 long sword (weapon)
 j - a +1 dagger of venom
Armour
 b - a +0 scale mail
 c - a +0 buckler
 l - a +0 chain mail (worn)
 q - a +0 plate armour
Jewellery
 o - a ring of protection from cold (left hand)
 t - a ring of flight
Scrolls
 d - a scroll of fear {unknown}
 e - 2 scrolls of teleportation
 f - 4 scrolls of identify
 g - 3 scrolls of fog {unknown}
 i - a scroll of immolation {unknown}
 k - 2 scrolls of blinking {unknown}
 m - 4 scrolls of enchant weapon {unknown}
 n - a scroll of vulnerability
 r - a scroll of poison {unknown}
 s - 2 scrolls of enchant armour {unknown}
Potions
 h - a potion of flight
 p - a potion of degeneration
 v - a potion of curing


   Skills:
 - Level 4.3 Fighting
 + Level 2.5(4.5) Short Blades
 * Level 5.9(6.2) Long Blades
 * Level 4.6 Armour
 - Level 2.1 Dodging
 - Level 3.2 Shields


You had 6 spell levels left.
You didn't know any spells.
Your spell library contained the following spells:

 Spells                   Type           Power      Damage    Failure   Level
 Kiss of Death            Conj/Necr      0%         2d5       98%         1
 Blink                    Tloc           0%         N/A       99%         2
 Lesser Beckoning         Tloc           0%         N/A       99%         2
 Momentum Strike          Conj/Tloc      0%         3d8       99%         2
 Confusing Touch          Hex            0%         N/A       100%        3
 Dispel Undead            Necr           0%         3d6       100%        4


Dungeon Overview and Level Annotations

Branches:
Dungeon (5/15)             Temple (0/1) D:4

Altars:
Qazlal
The Shining One

Shops:
D:1 !   D:2 :?(*

Annotations:
D:3 Sigmund


Innate Abilities, Weirdness & Mutations

You are immune to sickness and miasma.
Your stone body is resilient. (AC +4)
You are immune to poison.
You resist negative energy. (rN+)
You are resistant to electric shocks. (rElec)
You are resistant to unholy torment.
You are immune to petrification.


Message History

An ogre comes into view. It is wielding a +0 giant spiked club.
The ogre shouts!
An ogre is nearby!
You see here 19 gold pieces.
An ogre is nearby!
You barely miss the ogre.
The ogre hits you with a +0 giant spiked club!
You hit the ogre but do no damage.
The ogre hits you with a +0 giant spiked club!
You barely miss the ogre.
You are too injured to fight recklessly!
You hit the ogre.
The ogre is lightly wounded.
The ogre hits you with a +0 giant spiked club!
* * * LOW HITPOINT WARNING * * *
Unknown command.
You hit the ogre.
The ogre is lightly wounded.
The ogre hits you but does no damage.
You see here 19 gold pieces.
The ogre attacks as you move away!
The ogre hits you with a +0 giant spiked club.
* * * LOW HITPOINT WARNING * * *
It was a potion of ambrosia.
You are confused.
You feel invigorated.
You bump into the rock wall.
The ogre barely misses you.
You hit the ogre.
The ogre is moderately wounded.
The ogre hits you with a +0 giant spiked club!
* * * LOW HITPOINT WARNING * * *
You barely miss the ogre.
The ogre is moderately wounded.
You hit the ogre.
The ogre is heavily wounded.
You feel less invigorated.
You feel less confused.
The ogre hits you with a +0 giant spiked club!!
Ouch! That really hurt!
You die...

###############
#.............#
##.#######.....###
#..# #.....##.
#.## #.....#.. #.#
+..8..'†. #@#
#.....#.. #O#
#.....##. #.#
###'#####
####.#### ##...##
#.......# #..)..#
#$#####.# #.....#
#.# # #.....#
#.....# ##...##
#.....# #####


You could see an ogre.

Vanquished Creatures
  A water moccasin (D:6)
  A black bear (D:4)
  A centaur (D:5)
  A necrophage (D:4)
  A howler monkey (D:6)
  5 hounds
  An iguana (D:4)
  3 orc wizards
  3 gnolls
  4 adders
  2 worms
  3 dart slugs
  9 orcs
  6 ball pythons
  10 bats
  9 endoplasms
  5 giant cockroaches
  14 goblins
  11 hobgoblins
  5 jackals
  4 quokkas
  5 frilled lizards
  5 kobolds
  9 rats
118 creatures vanquished.

Vanquished Creatures (others)
  A plant (D:2)
1 creature vanquished.

Grand Total: 119 creatures vanquished

Notes
Turn   | Place    | Note
-------+----------+-------------------------------------------
     0 | D:1      | dialectric the Gargoyle Fighter began the quest for the
                  | Orb.
     0 | D:1      | Reached XP level 1. HP: 14/14 MP: 1/1
    13 | D:1      | Noticed a salamander
    13 | D:1      | Noticed a killer bee
    14 | D:1      | Noticed a hog
    14 | D:1      | Noticed a rime drake
   196 | D:1      | Reached XP level 2. HP: 18/19 MP: 2/2
   217 | D:1      | Found Boupsin's Distillery.
   346 | D:1      | Reached skill level 2 in Long Blades
   817 | D:2      | Reached XP level 3. HP: 22/24 MP: 3/3
   826 | D:2      | Found Hyosops's Assorted Antiques.
   884 | D:2      | Found Jiqed's Magic Scroll Boutique.
   893 | D:2      | Bought a scroll of teleportation for 39 gold pieces
   970 | D:1      | Reached XP level 4. HP: 7/29 MP: 4/4
  1141 | D:2      | Found Jutriysk's Antique Weapon Boutique.
  1154 | D:2      | Found Taxooss's Distillery.
  1304 | D:3      | Noticed Sigmund
  1336 | D:3      | Noticed a water moccasin
  1631 | D:2      | Reached skill level 1 in Dodging
  1760 | D:2      | Found Ajiur's Book Emporium.
  1964 | D:3      | Reached skill level 1 in Short Blades
  2022 | D:3      | Reached XP level 5. HP: 33/34 MP: 5/5
  2257 | D:3      | Found a glowing golden altar of the Shining One.
  2257 | D:3      | Found a stormy altar of Qazlal.
  2281 | D:3      | Became a worshipper of Qazlal Stormbringer
  2618 | D:4      | Found a staircase to the Ecumenical Temple.
  2704 | D:4      | Reached skill level 3 in Long Blades
  2704 | D:4      | Reached XP level 6. HP: 37/39 MP: 6/6
  2780 | D:4      | Noticed a black bear
  2804 | D:4      | Killed a black bear
  2822 | D:4      | Reached * piety under Qazlal
  2831 | D:5      | Entered Level 5 of the Dungeon
  2836 | D:5      | Reached skill level 4 in Long Blades
  2847 | D:5      | Reached XP level 7. HP: 14/44 MP: 7/7
  3226 | D:4      | Reached skill level 5 in Long Blades
  3340 | D:4      | You fall into a shaft and drop 2 floors!
  3481 | D:6      | Mangled by an ogre

Illustrated notes

Levels and vault maps discovered:
D:1:      onia_arrival_zoo_common, layout_basic, serial_shops, shop,
          serial_glass, glass_columns_c, glass_columns_a, minivault_24
D:2:      cheibrodos_greedy_goblins, layout_basic, serial_shops, shop_fountains,
          nicolae_shop_overgrown_old_shop, shop, shop, nicolae_shop_behind_doors
D:3:      minmay_chambers_of_threes, layout_rooms, jmf_multi_god_temple,
          jmf_multi_god_temple2, uniq_sigmund
D:4:      nicolae_cairo_tiling_very_big, layout_loops_cross
D:5:      layout_rooms
D:6:      layout_basic, minmay_three_doors, uniq_blork_the_orc

Skill      XL: |  1  2  3  4  5  6  7 |
---------------+----------------------+-----
Long Blades    | 2 3 4 5 |  5.9
Fighting       | 4 |  4.3
Armour         | 4 |  4.6
Dodging        | 1 2 |  2.1
Short Blades   | 1 2 |  2.5
Shields        | |  3.2

Action                     |  1- 3 |  4- 6 |  7- 9 || total
---------------------------+-------+-------+-------++-------
  Melee: Long sword        |    28 |   147 |   111 ||   286
         Dagger            |    64 |   143 |       ||   207
         Punch             |     1 |     2 |       ||     3
    Use: Potion            |       |     4 |     1 ||     5
         Scroll            |       |     2 |       ||     2
 Armour: Scale mail        |    81 |   180 |    39 ||   300
         Chain mail        |       |       |    72 ||    72
  Dodge: Dodged            |    51 |   187 |    87 ||   325
  Block: Other             |       |       |     9 ||     9

Table legend: (Time is in decaauts)
 A = Elapsed time spent in this place.
 B = Non-inter-level travel time spent in this place.
 C = Inter-level travel time spent in this place.
 D = Time resting spent in this place.
 E = Time spent auto-exploring this place.
 F = Levels seen in this place.
 G = Mean time per level.
                   A        B        C        D        E       F      G
               +--------+--------+--------+--------+--------+-----+--------+
         Total |   3527 |   3388 |    139 |    524 |   1608 |   6 |  587.8 |
       Dungeon |   3527 |   3388 |    139 |    524 |   1608 |   6 |  587.8 |
               +--------+--------+--------+--------+--------+-----+--------+

Top non-repeatable levels by time:
     D:1: 1098 daAuts
     D:3: 808 daAuts
     D:2: 727 daAuts
     D:4: 698 daAuts
     D:6: 143 daAuts
     D:5: 52 daAuts
